[Event "Reykjavik Open 2022"]
[Site "Reykjavik"]
[Date "2022.04.08"]
[Round "4.51"]
[White "Klasinc, Kristjan"]
[Black "Louis, Thibault"]
[Result "0-1"]
[ECO "A05"]
[WhiteElo "1779"]
[BlackElo "2181"]
[Annotator "TA"]
[PlyCount "122"]
[EventDate "2022.04.06"]
[EventCountry "ISL"]
[SourceTitle "playchess.com"]
[Source "ChessBase"]
[SourceQuality "1"]
[TimeControl "40/5400+30:1800+30"]

1. e4 e6 2. d3 d5 3. Nd2 Nf6 4. Ngf3 c5 5. g3 g6 6. Bg2 Bg7 7. O-O O-O 8. Re1 Nc6 9. c3 e5 10. exd5 Nxd5 11. Nc4 Re8 12. a4 h6 13. Qe2 {[%emt 0:08:55] [#] A05: Réti Opening: 1 Nf3 Nf6.} g5 $146 ({Predecessor:} 13... Rb8 14. a5 Re7 15. Nfd2 Be6 16. Ne4 b6 17. axb6 axb6 18. Ra6 Qc8 19. Ra1 Qc7 {0-1 (43) Neborak,Y (2330)-Kazantsev,R (2427) ICCF email 2017}) 14. Nfd2 f5 {[%emt 0:03:30] Against Ne4} 15. Nb3 {[%emt 0:08:57] The position is equal.} b6 16. Qf3 (16. a5 $11 Rb8 17. f4) 16... Be6 $15 17. Qd1 Qd7 18. Qc2 ({White should try} 18. a5 $15 Rad8 19. axb6 axb6 20. Qe2) 18... Rad8 {[%emt 0:05:13][%cal Od5b4] And now ...Ndb4! would win.} 19. Ne3 {[%emt 0:04:11] [#]} (19. Bf1 $17) 19... f4 (19... Ndb4 $1 $19 20. cxb4 Nxb4) 20. Nxd5 $17 Bxd5 21. f3 Bf7 22. Rd1 $2 (22. Nd2 $17) 22... c4 $19 23. Nd2 Qxd3 24. Qxd3 Rxd3 25. Re1 Na5 26. Bf1 Rdd8 27. Kf2 Re7 28. gxf4 (28. Ne4 {was worth a try.}) 28... gxf4 29. Bh3 (29. Ne4 {is a better defense.}) 29... Bf6 30. Rg1+ Kh8 31. Ne4 Bh4+ 32. Ke2 Nb3 33. Rb1 Bd5 34. Rg4 (34. Rg6 $142 Bxe4 35. fxe4) 34... Bxe4 35. fxe4 f3+ $2 (35... Bg5 36. Rg1 Rd3) 36. Kxf3 Rf7+ 37. Kg2 Rf2+ 38. Kh1 Rd1+ 39. Rg1 {[%emt 0:00:07] [#]} Rxc1 {[%emt 0:00:37] &Nero is much more active. The white rooks are badly placed.} (39... Rxg1+ $142 $1 40. Kxg1 Rc2) 40. Rgxc1 Nxc1 41. Rxc1 Rxb2 $17 {[%emt 0:02:25][%mdl 4096] Endgame KRB-KRB} 42. Be6 Bg5 43. Rd1 Rc2 44. Bxc4 Rxc3 45. Bb5 Rc2 46. h3 Bf4 47. Rd7 Rh2+ 48. Kg1 Rxh3 49. Rxa7 Re3 50. Bc6 {[%emt 0:03:04] [#]} ({Better is} 50. Kf2 $15) 50... h5 $1 {[%emt 0:00:26][%cal Bh6h5,Bh5h4][%mdl 32] ...h4 is the strong threat.} 51. a5 (51. Bd7 $17 {was called for.}) 51... bxa5 $19 52. Rxa5 $2 (52. Bd7) 52... h4 53. Ra1 Kg7 54. Rf1 Re2 $2 (54... Kf6 $19 {and Black stays clearly on top. Hoping for ...h3.} 55. Kh1 h3) 55. Rf3 $17 Kf6 56. Kf1 Rd2 57. Bb7 Rd4 58. Kg2 (58. Bd5 $17 {keeps fighting.}) 58... Kg5 $19 59. Bc6 $2 (59. Bd5 $19) 59... Rd2+ (59... Kg4 $142 60. Rc3 h3+ 61. Rxh3 Rd2+ 62. Kf1 Kxh3 63. Bb5 Rh2 64. Ke1 Kg3 65. Be8 Kf3 66. Kd1 Rd2+ 67. Ke1 Ke3 68. Bh5 Rc2 69. Kf1 Rh2 70. Bg4 Rh4 71. Be2 Rh1+ 72. Kg2 Rh2+ 73. Kf1 Rxe2 74. Kg1 Kf3 75. Kf1 Rxe4 76. Kg1 Re1#) 60. Kg1 Kg4 61. Rf2 Be3 {[%emt 0:00:07] Weighted Error Value: White=0.88/Black=0.52} 0-1

[Event "Reykjavik Open 2022"]
[Site "Reykjavik"]
[Date "2022.04.08"]
[Round "4.52"]
[White "Ingvason, Johann"]
[Black "Jonsson, Kristjan Dagur"]
[Result "1-0"]
[ECO "A22"]
[WhiteElo "2183"]
[BlackElo "1797"]
[Annotator "RC"]
[PlyCount "71"]
[EventDate "2022.04.06"]
[EventCountry "ISL"]
[SourceTitle "playchess.com"]
[Source "ChessBase"]
[SourceQuality "1"]
[TimeControl "40/5400+30:1800+30"]

1. c4 e5 2. g3 Nf6 3. Bg2 d5 4. cxd5 Nxd5 5. Nc3 Nb6 6. d3 Be7 7. a4 O-O 8. a5 N6d7 9. Nf3 Nc6 10. O-O Re8 11. Nd5 Bf8 12. Bg5 f6 13. Be3 Bc5 14. b4 Bxe3 15. fxe3 Nf8 16. Nc3 Ne6 17. Qb3 Kh8 18. a6 Rb8 19. Nd2 Qd6 20. b5 Nc5 21. Qc4 Be6 22. Qh4 Ne7 23. Nde4 Nxe4 24. Nxe4 Qb6 25. Nxf6 gxf6 26. Qxf6+ Kg8 27. Qg5+ Ng6 28. Rf6 Rf8 29. Rxg6+ hxg6 30. Qxg6+ Kh8 31. Qh6+ Kg8 32. Qg5+ Kf7 33. axb7 Rg8 34. Rf1+ Ke8 35. Bc6+ Bd7 36. Qxe5+ 1-0

[Event "Reykjavik Open 2022"]
[Site "Reykjavik"]
[Date "2022.04.08"]
[Round "4.53"]
[White "Smith, Lynda"]
[Black "Domalchuk-Jonasson, Aleksandr"]
[Result "0-1"]
[ECO "A03"]
[WhiteElo "1778"]
[BlackElo "2162"]
[Annotator "RC"]
[PlyCount "74"]
[EventDate "2022.04.06"]
[EventCountry "ISL"]
[SourceTitle "playchess.com"]
[Source "ChessBase"]
[SourceQuality "1"]
[TimeControl "40/5400+30:1800+30"]

1. f4 d5 2. Nf3 Nf6 3. g3 g6 4. Bg2 Bg7 5. d3 O-O 6. O-O c5 7. c3 Nc6 8. Nbd2 b6 9. Qc2 a5 10. e4 dxe4 11. dxe4 Ba6 12. Re1 e5 13. Bf1 exf4 14. Bxa6 Rxa6 15. gxf4 Nh5 16. Nf1 Qc7 17. Qe2 Raa8 18. e5 Rad8 19. Ng3 Nxg3 20. hxg3 Qd7 21. Be3 f6 22. Qc4+ Qd5 23. Qxd5+ Rxd5 24. exf6 Bxf6 25. Rad1 Rfd8 26. Rxd5 Rxd5 27. Kf2 a4 28. Bc1 Kf7 29. g4 a3 30. Ke2 Na5 31. Nd2 axb2 32. Bxb2 h5 33. g5 Bg7 34. Rb1 Ke6 35. Ba1 Kf5 36. Rxb6 Rxd2+ 37. Kxd2 Nc4+ 0-1

[Event "Reykjavik Open 2022"]
[Site "Reykjavik"]
[Date "2022.04.08"]
[Round "4.54"]
[White "Decosse, Jean-Fabien"]
[Black "Rachlin, Paul"]
[Result "1-0"]
[ECO "D45"]
[WhiteElo "2156"]
[BlackElo "1820"]
[Annotator "RC"]
[PlyCount "71"]
[EventDate "2022.04.06"]
[EventCountry "ISL"]
[SourceTitle "playchess.com"]
[Source "ChessBase"]
[SourceQuality "1"]
[TimeControl "40/5400+30:1800+30"]

1. d4 d5 2. c4 c6 3. Nf3 Nf6 4. e3 e6 5. Nc3 Nbd7 6. b3 Bd6 7. Bd3 Qe7 8. Bb2 b6 9. e4 dxe4 10. Nxe4 Nxe4 11. Bxe4 Bb4+ 12. Nd2 Bb7 13. O-O O-O 14. a3 Bd6 15. b4 Nf6 16. Bf3 Qc7 17. g3 Rad8 18. Qe2 Rfe8 19. c5 Bf8 20. Rfd1 b5 21. Nb3 Nd5 22. Na5 Bc8 23. Rd3 f5 24. Re1 g6 25. Bc1 Bg7 26. Bg5 Rd7 27. Qd2 Kf7 28. Rd1 Bb7 29. Bf4 e5 30. dxe5 Bxe5 31. Bxd5+ cxd5 32. Bxe5 Rxe5 33. c6 Bxc6 34. Rc3 Rd6 35. Rdc1 Ree6 36. Nxc6 1-0

[Event "Reykjavik Open 2022"]
[Site "Reykjavik"]
[Date "2022.04.08"]
[Round "4.55"]
[White "Marie, Maxime"]
[Black "Skahlberg Bjerknes-Lima de Far, Warg"]
[Result "1-0"]
[ECO "A37"]
[WhiteElo "2175"]
[BlackElo "1874"]
[Annotator "RC"]
[PlyCount "73"]
[EventDate "2022.04.06"]
[EventCountry "ISL"]
[SourceTitle "playchess.com"]
[Source "ChessBase"]
[SourceQuality "1"]
[TimeControl "40/5400+30:1800+30"]

1. c4 c5 2. g3 Nc6 3. Bg2 g6 4. Nf3 Bg7 5. O-O e5 6. Nc3 d6 7. Ne1 Be6 8. d3 Nge7 9. Nd5 O-O 10. f4 f5 11. a3 Bxd5 12. cxd5 Nd4 13. e3 Nb5 14. a4 Nc7 15. e4 Qd7 16. Nf3 h6 17. Qc2 Kh7 18. fxe5 dxe5 19. Qxc5 Ne8 20. Bh3 Nd6 21. Qe3 Qc8 22. Qe2 g5 23. Bxg5 hxg5 24. Rac1 Qe8 25. Nxg5+ Kg8 26. Ne6 Rf6 27. Nc7 Qf8 28. Nxa8 Qxa8 29. exf5 Nexf5 30. Bxf5 Nxf5 31. Qxe5 Qf8 32. d6 Rf7 33. Qe6 Bd4+ 34. Kh1 Kg7 35. Rf4 Be3 36. Rc8 Qxd6 37. Rg4+ 1-0

[Event "Reykjavik Open 2022"]
[Site "Reykjavik"]
[Date "2022.04.08"]
[Round "4.56"]
[White "Moller, Tomas"]
[Black "Johannsson, Birkir Isak"]
[Result "0-1"]
[ECO "C01"]
[WhiteElo "1375"]
[BlackElo "2103"]
[Annotator "RC"]
[PlyCount "78"]
[EventDate "2022.04.06"]
[EventCountry "ISL"]
[SourceTitle "playchess.com"]
[Source "ChessBase"]
[SourceQuality "1"]
[TimeControl "40/5400+30:1800+30"]

1. c4 e6 2. e4 d5 3. cxd5 exd5 4. exd5 Nf6 5. Nc3 Nxd5 6. Nf3 Be7 7. d4 O-O 8. Be2 Be6 9. O-O Nd7 10. Nxd5 Bxd5 11. Be3 c6 12. Ne5 Bf6 13. Nxd7 Qxd7 14. Qd2 Rad8 15. Rfd1 Rfe8 16. b3 g6 17. Rac1 h5 18. Bc4 Qg4 19. Bxd5 Rxd5 20. f3 Qd7 21. Kf1 Rd8 22. Rc5 Rd6 23. d5 cxd5 24. Bf4 b6 25. Bxd6 bxc5 26. Bf4 Qb5+ 27. Kf2 Bd4+ 28. Kg3 Bf6 29. h4 Qd7 30. Re1 Qf5 31. Qe3 d4 32. Qe4 Qd7 33. Qd3 Re8 34. Qd2 Re6 35. Rc1 Qe7 36. Bg5 Re2 37. Bxf6 Qd6+ 38. Be5 Qxe5+ 39. f4 Qe4 0-1

[Event "Reykjavik Open 2022"]
[Site "Reykjavik"]
[Date "2022.04.08"]
[Round "4.57"]
[White "Zysko, Jan"]
[Black "Kumar, Sanjit S"]
[Result "1-0"]
[ECO "A85"]
[WhiteElo "2108"]
[BlackElo "1794"]
[Annotator "RC"]
[PlyCount "47"]
[EventDate "2022.04.06"]
[EventCountry "ISL"]
[SourceTitle "playchess.com"]
[Source "ChessBase"]
[SourceQuality "1"]
[TimeControl "40/5400+30:1800+30"]

1. d4 d5 2. c4 c6 3. Nc3 e6 4. e3 f5 5. Nf3 Nf6 6. Bd3 Bd6 7. O-O O-O 8. b3 Ne4 9. Ne2 Nd7 10. Bb2 Qf6 11. Qc1 g5 12. Ba3 Bxa3 13. Qxa3 h5 14. Bxe4 fxe4 15. Nd2 g4 16. Qd6 Rf7 17. Nf4 Nf8 18. cxd5 Rd7 19. Nxe4 Rxd6 20. Nxf6+ Kf7 21. Ne4 Rd8 22. dxc6 bxc6 23. Rfc1 Bd7 24. Nxh5 1-0

[Event "Reykjavik Open 2022"]
[Site "Reykjavik"]
[Date "2022.04.09"]
[Round "5.1"]
[White "Idani, Pouya"]
[Black "Jarmula, Lukasz"]
[Result "1/2-1/2"]
[ECO "C42"]
[WhiteElo "2621"]
[BlackElo "2434"]
[Annotator "TA"]
[PlyCount "125"]
[EventDate "2022.04.06"]
[EventCountry "ISL"]
[SourceTitle "playchess.com"]
[Source "ChessBase"]
[SourceQuality "1"]
[TimeControl "40/5400+30:1800+30"]

1. e4 e5 2. Nf3 Nf6 3. Nxe5 d6 4. Nf3 Nxe4 5. c4 Be7 6. d4 O-O 7. Bd3 Nf6 8. O-O {[%emt 0:01:34][%cal Bh1f1,Bf1e1,Be1e3][%mdl 32] C42: Petroff Defence: 3 Nxe5 and unusual White 3rd moves.} Bg4 9. h3 Bh5 10. Nc3 {[%emt 0:03:25] White is slightly better.} Nc6 11. g4 Bg6 12. Bxg6 hxg6 13. Re1 Re8 14. d5 Nb8 {[%emt 0:00:14][%cal Bc6b8,Bb8d7,Bd7b6][%mdl 32] [#]} 15. Bf4 $146 ({Predecessor:} 15. Qb3 Nbd7 16. Be3 Qc8 17. Bd4 a6 18. Re3 c5 19. Bxf6 Nxf6 20. Rae1 Bf8 21. Rxe8 Nxe8 {½-½ (39) Kantans,T (2510)-Rozentalis,E (2523) Tallinn 2018}) 15... Nbd7 16. Qd2 {[%emt 0:03:19] &Bianco is much more active.} a5 17. Re3 Nb6 18. b3 a4 19. Rae1 axb3 20. axb3 Qd7 21. Bg5 Bf8 22. Bxf6 Rxe3 23. Qxe3 ({Much worse is} 23. fxe3 $6 gxf6 24. e4 Qd8 $11) 23... gxf6 24. Qf4 Bg7 25. Ne4 f5 26. gxf5 Qxf5 27. Qxf5 gxf5 28. Ng3 Ra3 29. Re8+ Kh7 30. h4 {[%emt 0:06:10] [#] And now Ng5+ would win.} Rxb3 31. Kg2 {[%emt 0:01:01] Black must now prevent h5.} Nxc4 32. Ng5+ Kg6 33. f4 $1 Ne3+ {[%emt 0:04:39] [#]} 34. Rxe3 $1 Rxe3 $14 {[%emt 0:00:06][%mdl 4096] Endgame KRB-KNN} 35. h5+ {[%emt 0:00:02][%mdl 64] Deflection} Kh6 36. Nxf5+ Kxh5 {[%emt 0:00:08] Threatens to win with ...Re1.} 37. Nxe3 {[%emt 0:00:01] Kf3 is the strong threat.} Bh6 $1 38. Nh3 c6 $2 (38... b5 $1 $14) 39. Kf3 $18 cxd5 40. Nf5 Bf8 41. Nf2 d4 (41... Kg6 $142) 42. Ke4 ({Weaker is} 42. Nxd4 b5 43. Ke4 (43. Nxb5 f5 $16) 43... b4 $16) 42... b5 43. Nxd4 b4 44. f5 $2 (44. Nd3 $18) 44... Bg7 $11 {[%emt 0:03:23] The position is equal.} 45. Nb3 Bc3 46. Nd3 Kg5 47. Nf4 Kg4 48. Nd5 Kg5 49. Nc1 Bd2 $1 50. Ne2 Kh4 (50... b3 $2 51. Nd4 Bc1 52. Nxb3 $18) 51. Nd4 {[%emt 0:01:23] Intending Nf3+ and mate.} Kg4 52. Nf6+ Kg5 53. Nd5 {[%emt 0:01:19] White threatens Nf3+ and mate.} Kg4 54. Nb3 Bc3 55. Na5 {[%emt 0:00:55] Hoping for Nc6.} Be1 $1 56. Ne3+ Kg5 57. Nb3 Bc3 58. Nd5 Kg4 59. Na5 {[%emt 0:06:55] Strongly threatening Nc6.} Be1 $1 60. Ne3+ Kg5 61. Ng2 Bc3 62. Nf4 Kg4 63. Nd5 {[%emt 0:01:01] Black escapes into a draw.  Weighted Error Value: White=0.15 (very precise) /Black=0.18 (very precise)} 1/2-1/2

[Event "Reykjavik Open 2022"]
[Site "Reykjavik"]
[Date "2022.04.09"]
[Round "5.2"]
[White "Fier, Alexandr"]
[Black "Gukesh D"]
[Result "1/2-1/2"]
[ECO "B31"]
[WhiteElo "2583"]
[BlackElo "2614"]
[Annotator "TA"]
[PlyCount "44"]
[EventDate "2022.04.06"]
[EventCountry "ISL"]
[SourceTitle "playchess.com"]
[Source "ChessBase"]
[SourceQuality "1"]
[TimeControl "40/5400+30:1800+30"]

1. e4 c5 2. Nf3 Nc6 3. Bb5 g6 4. O-O Bg7 5. c3 Nf6 6. Re1 O-O 7. d4 d5 8. e5 Ne4 9. Bxc6 bxc6 10. Be3 $1 {[%emt 0:00:04][%mdl 4] is now more promising than 10.Nbd2. B31: Sicilian: 2...Nc6 3 Bb5 g6.} cxd4 11. cxd4 Rb8 12. Qc1 Bf5 13. Nbd2 Qd7 14. Nb3 {[%emt 0:06:13] Threatens to win with Nh4.} f6 {[%emt 0:00:09] [#]} 15. Bh6 $146 (15. Bf4 $11) ({Predecessor:} 15. exf6 exf6 16. Nh4 Be6 17. f3 g5 18. fxe4 dxe4 19. Bf2 Bd5 20. Nc5 Qc8 21. Nxe4 gxh4 {½-½ (58) Svidler,P (2694)-Shevchenko,K (2632) Riga 2021}) 15... Bxh6 (15... Bh3 $5 16. e6 {[#]} (16. gxh3 Qxh3 17. Bxg7 Qg4+ 18. Kf1 Qxf3 $17) 16... Bxh6 $1 17. Qxh6 Bxe6 $15) 16. Qxh6 {[%emt 0:00:05] The position is equal.} a5 17. Qc1 a4 18. Nbd2 Qb7 19. exf6 exf6 20. b3 Nxd2 21. Nxd2 Qb4 22. Nf3 axb3 {[%emt 0:00:59] An interesting draw.  Weighted Error Value: White=0.09 (flawless) /Black=0.08 (flawless)} 1/2-1/2

[Event "Reykjavik Open 2022"]
[Site "Reykjavik"]
[Date "2022.04.09"]
[Round "5.3"]
[White "Steingrimsson, Hedinn"]
[Black "Praggnanandhaa R"]
[Result "1/2-1/2"]
[ECO "E32"]
[WhiteElo "2535"]
[BlackElo "2612"]
[Annotator "TA"]
[PlyCount "66"]
[EventDate "2022.04.06"]
[EventCountry "ISL"]
[SourceTitle "playchess.com"]
[Source "ChessBase"]
[SourceQuality "1"]
[TimeControl "40/5400+30:1800+30"]

1. d4 Nf6 2. c4 e6 3. Nc3 Bb4 4. Qc2 O-O 5. a3 Bxc3+ 6. Qxc3 d6 7. f3 {[%emt 0:06:40] 7.Nf3 is setting a new trend.} b6 {[%emt 0:00:39] E32: Nimzo-Indian: Classical (4 Qc2): 4...0-0.} 8. e4 c5 9. d5 b5 10. dxe6 (10. cxb5 exd5 11. Bg5 d4 $17) 10... Bxe6 11. cxb5 {[%emt 0:00:07] [#]} Nbd7 $146 ({Predecessor:} 11... a6 12. bxa6 Qb6 13. Bg5 Nfd7 14. Rd1 Nxa6 15. Ne2 Nc7 16. Ng3 Rfb8 17. Rd2 d5 {0-1 (31) Borsuk,K (2401)-Vrolijk,L (2480) Chess.com INT 2020}) 12. Ne2 d5 13. Nf4 Re8 14. Bd2 dxe4 15. Nxe6 Rxe6 16. Bc4 exf3+ 17. Bxe6 {[%emt 0:02:46] A strong pair of Bishops.} f2+ 18. Ke2 {[%emt 0:18:29] aiming for Bf5.} fxe6 19. Bg5 $2 ({Reject} 19. Qe3 Qb6 20. a4 (20. Qf3 $2 Qxb5+ 21. Kxf2 Rf8 $19) 20... Rf8 $11) (19. Qc4 $1 $14 {stays ahead.}) 19... Qe8 (19... Qb8 $1 $17 20. Bxf6 Nxf6) 20. Bxf6 (20. Rhd1 $11 {remains equal.}) 20... Nxf6 $17 21. Qc4 {[%emt 0:03:18] [#]} Rd8 $1 {[%emt 0:04:14] Strongly threatening ...Rd4.} 22. Kxf2 {[%emt 0:02:51] [#] Black must now prevent Rhe1.} Rd2+ (22... Rd4 $1 $17 23. Qb3 c4) 23. Kg1 $1 $11 {[%emt 0:02:46] The position is equal.} Qa8 24. Qxe6+ Kh8 $1 25. Qc6 Qd8 {[%emt 0:00:52] ( -> ...Qd4+)} 26. h3 (26. Qxc5 {gets mated.} Ne4 27. h4 Nxc5 28. Rf1 Qd4+ 29. Kh2 Ne6) 26... Qd4+ 27. Kh2 Qe5+ 28. Kg1 h6 {[%emt 0:00:56] And now ...Nd5 would win.} 29. Rf1 Qd4+ 30. Kh2 {[%emt 0:00:00] Threatens to win with Rf5.} Qe5+ 31. Kg1 Qe3+ 32. Kh2 {[%emt 0:00:00] Rf5 is the strong threat.} Qe5+ 33. Kg1 Qd4+ {[%emt 0:04:25] Weighted Error Value: White=0.22 (precise) /Black=0.13 (very precise)} 1/2-1/2

[Event "Reykjavik Open 2022"]
[Site "Reykjavik"]
[Date "2022.04.09"]
[Round "5.4"]
[White "Niemann, Hans Moke"]
[Black "Gretarsson, Hjorvar Steinn"]
[Result "1-0"]
[ECO "B47"]
[WhiteElo "2642"]
[BlackElo "2548"]
[Annotator "TA"]
[PlyCount "73"]
[EventDate "2022.04.06"]
[EventCountry "ISL"]
[SourceTitle "playchess.com"]
[Source "ChessBase"]
[SourceQuality "1"]
[TimeControl "40/5400+30:1800+30"]

1. e4 c5 2. Nf3 e6 3. d4 cxd4 4. Nxd4 Nc6 5. Nc3 Qc7 6. Be2 a6 7. Nxc6 {[%emt 0:00:00] B47: Sicilian: Taimanov: 5 Nc3 Qc7 6 f4, 6 g3 and 6 Be2.} bxc6 8. Qd3 $1 {[%emt 0:00:00][%mdl 4] is now more promising than 8.0-0.} d5 9. Qg3 {[%emt 0:00:00] White has an edge.} Qxg3 10. hxg3 ({Of course not} 10. fxg3 Nf6 $11) 10... Nf6 11. g4 Bb4 12. Bd2 O-O {[%emt 0:14:42] [#]} 13. e5 $146 ({Predecessor:} 13. f3 h6 14. O-O-O a5 15. g5 hxg5 16. Bxg5 Nd7 17. Na4 Bd6 18. Be3 f5 19. exd5 exd5 {½-½ (46) Miettinen,K (2406)-Tauriainen,M (2375) ICCF email 2019}) 13... Nd7 14. f4 f6 15. exf6 Nxf6 16. g5 Nd7 17. O-O-O e5 18. Rh4 {[%emt 0:01:46] With the idea Bd3.} Be7 19. Bd3 h6 20. Rh2 $1 Nc5 21. gxh6 Nxd3+ 22. cxd3 exf4 {[%emt 0:00:21] Black is now going downhill.} 23. hxg7 Kxg7 24. Rdh1 {[%emt 0:00:06] [#] And now Rh7+ would win.} Bg5 25. Rh7+ Kg6 26. Rc7 {[%emt 0:00:07] &Bianco is more active.} Be6 27. Rxc6 Rf6 28. Re1 Bf7 29. Rxf6+ Bxf6 {[%emt 0:01:16] [#]} 30. Ne2 $1 ({Don't do} 30. Bxf4 d4 $16) 30... Rc8+ 31. Kb1 Bh4 32. Nxf4+ Kf5 33. Rf1 Kg4 (33... Ke5 {was worth a try.} 34. g4 d4) 34. Ne2 $18 Bg8 (34... Be8 $142 35. Rf4+ Kh5 36. Rf5+ Kg4 37. Rf4+ (37. Rxd5 Rd8 $18) 37... Kh5) 35. Rf4+ Kh5 36. Ra4 Bh7 37. Nf4+ {[%emt 0:00:22] Weighted Error Value: White=0.03 (flawless) /Black=0.17 (very precise)} 1-0

[Event "Reykjavik Open 2022"]
[Site "Reykjavik"]
[Date "2022.04.09"]
[Round "5.5"]
[White "Clarke, Brandon G I"]
[Black "Adhiban, B.."]
[Result "1/2-1/2"]
[ECO "B12"]
[WhiteElo "2430"]
[BlackElo "2648"]
[Annotator "TA"]
[PlyCount "67"]
[EventDate "2022.04.06"]
[EventCountry "ISL"]
[SourceTitle "playchess.com"]
[Source "ChessBase"]
[SourceQuality "1"]
[TimeControl "40/5400+30:1800+30"]

1. e4 c6 2. d4 d5 3. e5 c5 4. dxc5 e6 5. a3 Bxc5 6. Nf3 {[%emt 0:00:07] B12: Caro-Kann: Advance Variation.} a6 7. Bd3 Nc6 8. O-O {[%emt 0:00:12] White is slightly better.} Nge7 9. b4 Ba7 10. Bb2 Ng6 11. g3 (11. Nbd2 {feels hotter.} Nf4 12. Nb3 f6 13. Qd2) 11... O-O 12. Nbd2 {[%emt 0:00:56] [#]} b5 $146 {[%emt 0:00:09] Inhibits c4.} ({Predecessor:} 12... Qc7 13. Qe2 Bd7 14. c4 Rae8 15. Rac1 Qb8 16. b5 Na5 17. Ng5 Nxc4 18. Nxc4 dxc4 19. Nxh7 cxd3 20. Qh5 Rc8 21. Nf6+ gxf6 22. exf6 Bxf2+ 23. Kxf2 Qa7+ 24. Kf3 {1-0 (24) Sochacki,C (2490)-Sai Agni,J (2322) Barcelona 2021}) 13. Nb3 f6 14. exf6 gxf6 15. Nbd4 (15. Nfd2 $11) 15... Nce7 $1 $15 {[%emt 0:10:07] ...e5 is the strong threat.} 16. Be2 e5 17. Nb3 Bh3 18. Re1 Rc8 (18... Qb6 $17 19. Nc5 Qd6) 19. Qd2 {[%emt 0:03:41] White is on the road to losing.} (19. a4 $1 $11) 19... Qd7 $17 (19... Qb6 20. Nc5 $15) 20. Bd1 Bg4 21. Kg2 (21. Nc5 $17 {was called for.} Bxc5 22. bxc5) 21... Qf5 $36 {[%emt 0:10:26][%mdl 2048] aiming for ...Bxf3+. Black is in control.} 22. c3 (22. Nc5 $142) 22... Kh8 {[%emt 0:01:12] Hoping for ...Bxf3+.} (22... Qh5 23. Ng1 $17) (22... Bxf3+ 23. Bxf3 e4 24. Bd1 $17) 23. Ng1 {[%emt 0:01:40] [#]} Nh4+ 24. Kh1 ({Avoid the trap} 24. gxh4 $2 Rg8 25. Bxg4 Qxg4+ 26. Kf1 Qxg1+ 27. Ke2 Qg4+ 28. Kd3 Qf5+ 29. Ke2 Bxf2 $19) 24... Nf3 25. Nxf3 Bxf3+ 26. Bxf3 (26. Kg1 $142) 26... Qxf3+ 27. Kg1 Rg8 {[%emt 0:01:40] Threatens to win with ...Nf5.} 28. Nd4 Bxd4 ({Stronger than} 28... exd4 29. Rxe7 Rce8 30. Rxe8 (30. Rxa7 Re2 $17) 30... Rxe8 31. Re1 Rxe1+ 32. Qxe1 $11) 29. cxd4 Ng6 30. Re3 {[%emt 0:03:50] [#]} Nh4 31. Kf1 Qg2+ 32. Ke2 Nf5 33. Rf3 {[%emt 0:09:47] [#]} (33. dxe5 d4 34. Rf3) 33... exd4 $1 34. Rf4 {[%emt 0:02:07][%mdl 32768] Weighted Error Value: White=0.47/Black=0.23 (precise) . An unexpected result.} 1/2-1/2

[Event "Reykjavik Open 2022"]
[Site "Reykjavik"]
[Date "2022.04.09"]
[Round "5.6"]
[White "Sadhwani, Raunak"]
[Black "Williams, Simon K"]
[Result "0-1"]
[ECO "A90"]
[WhiteElo "2616"]
[BlackElo "2464"]
[Annotator "TA"]
[PlyCount "68"]
[EventDate "2022.04.06"]
[EventCountry "ISL"]
[SourceTitle "playchess.com"]
[Source "ChessBase"]
[SourceQuality "1"]
[TimeControl "40/5400+30:1800+30"]

1. d4 e6 2. c4 f5 3. g3 Nf6 4. Bg2 d5 5. Nf3 c6 6. O-O Bd6 7. b3 Qe7 8. a4 a5 9. Ba3 Bxa3 10. Nxa3 O-O 11. Nc2 Nbd7 12. Nce1 {[%emt 0:03:20] A90: Dutch Defence: Miscellaneous and Modern Stonewall (with ...Bd6).} b6 13. Nd3 Bb7 14. Rc1 {[%emt 0:06:27] White has an edge.} c5 15. e3 Rac8 {[%emt 0:03:18] [#]} 16. Re1 $146 ({Predecessor:} 16. Qc2 Ne4 17. Nfe5 Nxe5 18. Nxe5 Nd6 19. Rfd1 Rfd8 20. Qb2 Nf7 21. Nf3 Qf6 22. h4 {½-½ (65) Sergeev,V (2397)-Shishigin,D (2231) Tiumen 2012}) 16... Ne4 17. h4 Rfd8 18. Qe2 Ndf6 19. Nde5 Rc7 20. Qb2 Qe8 21. Rc2 h6 22. Rec1 g5 23. cxd5 Bxd5 24. Nc4 cxd4 25. exd4 Rb7 26. Nce5 f4 27. g4 h5 (27... b5 $11 {remains equal.} 28. axb5 Rxb5) 28. Nxg5 ({Of course not} 28. hxg5 $6 Nxg4 29. Rc7 (29. g6 Nd6 $11) 29... Nexf2 $11) (28. Rc7 $1 $16 gxh4 29. Rxb7 (29. Nxh4 hxg4 30. Rxb7 Bxb7 $11) (29. g5 Ng4 $16) 29... Bxb7 30. g5 (30. Nxh4 hxg4 31. Rc7 Qh5 $11)) 28... hxg4 ({Black should try} 28... Nxg5 $14 29. hxg5 Nxg4) 29. Rc7 $18 f3 {[%emt 0:02:59] Threatens to win with ...Nxg5.} 30. Ngf7 fxg2 (30... Rxc7 $2 31. Rxc7 Nd7 32. Qc1 $1 (32. Nxd8 Nxe5 33. dxe5 Qxd8 $16) 32... Nxe5 33. dxe5 $18) (30... Nd7 $16) 31. Nxd8 $4 (31. Rxb7 $18 Bxb7 32. Rc7) 31... Rxc7 $19 (31... Qxd8 $2 32. Rc8 Rb8 33. Rxd8+ $18) 32. Rxc7 {[%emt 0:00:05] [#]} Ng5 $1 {[%emt 0:00:19][%mdl 512] ( -> ...Nh3+)} 33. f3 {[%emt 0:03:14] [#]} (33. Qc1 Nh3+) 33... gxf3 $1 34. hxg5 {[%emt 0:00:39] [#]} (34. Qb1 Nh3+) 34... Qh5 $1 {[%emt 0:00:18] Weighted Error Value: White=0.66/Black=0.18 (very precise)} 0-1